 Dungeon Crawl Stone Soup version 0.20-a0-1122-gb7cbeb9 (webtiles) character file.

137 nikopol the Skirmisher (level 5, 0/49 HPs)
             Began as a Gargoyle Berserker on May 14, 2017.
             Was a Believer of Trog.
             Killed by nerve-wracking pain
             ... invoked by Grinder
              (6 damage)
             ... while paralysed by Grinder
             ... on level 3 of the Dungeon.
             The game lasted 00:03:54 (2001 turns).

nikopol the Skirmisher (Gargoyle Berserker)         Turns: 2001, Time: 00:03:55

Health: 0/49       AC:  0    Str: 25    XL:     5   Next: 20%
Magic:  5/5        EV:  5    Int:  8    God:    Trog [**....]
Gold:   80         SH:  0    Dex: 15    Spells: 4/4 levels left

rFire    . . .     SeeInvis .   (weapon currently unavailable)
rCold    . . .     Gourm    .   (shield currently unavailable)
rNeg     + . .     Faith    .   (armour currently unavailable)
rPois    ∞         Spirit   .   (helmet currently unavailable)
rElec    .         Reflect  .   (cloak currently unavailable)
rCorr    .         Harm     .   (gloves currently unavailable)
MR       .....                  (boots currently unavailable)
Stlth    ..........             (no amulet)
Regen    0.2/turn               (ring currently unavailable)
MPRegen  0.1/turn               (ring currently unavailable)

@: paralysed, berserking (expiring), bat-form, flying, very quick
A: negative energy resistance 1, petrification resistance, rot immunity, AC +4
a: Berserk, Trog's Hand, Burn Spellbooks, Renounce Religion


You were on level 3 of the Dungeon.
You worshipped Trog.
Trog was pleased with you.
You were very hungry.
You were in bat-form.
You visited 1 branch of the dungeon, and saw 3 of its levels.

You collected 80 gold pieces.

Inventory:

Hand Weapons
 a - a +0 hand axe (melded)
 j - a +3 mace of crushing
Missiles
 w - 18 arrows (quivered)
Armour
 b - a +0 animal skin
 g - a +0 leather armour
 i - a cursed +0 scale mail (melded)
Wands
 p - a wand of flame (37/48)
Scrolls
 e - a scroll of fog {unknown}
 h - 2 scrolls of teleportation {unknown}
 k - a scroll of enchant weapon {unknown}
 m - 2 scrolls of identify {unknown}
 u - a scroll of fear {unknown}
Potions
 d - 2 potions of heal wounds {unknown}
 n - a potion of haste {unknown}
 o - a potion of mutation {unknown}
 q - 2 potions of curing
 r - a potion of magic {unknown}
 s - a potion of brilliance {unknown}
 t - a potion of ambrosia {unknown}
Comestibles
 c - 2 bread rations
 f - 2 meat rations
 l - 2 royal jellies
 v - 3 chunks of flesh


   Skills:
 + Level 4.1 Fighting
 + Level 3.5 Axes
 + Level 3.3 Armour
 + Level 2.5 Dodging


You had 4 spell levels left.
You didn't know any spells.

Dungeon Overview and Level Annotations

Branches:
Dungeon (3/15)

Altars:

Annotations:
D:3 Grinder


Innate Abilities, Weirdness & Mutations

You are resistant to torment.
((Your stone body is resilient. (AC +4)))
You are immune to poison.
You resist negative energy. (rN+)
((You are resistant to electric shocks. (rElec)))
((You can survive without breathing.))
You are immune to petrification.
You are immune to rotting.


Message History

You bite Grinder!
Grinder is heavily wounded.
Grinder hits you!
* * * LOW HITPOINT WARNING * * *
You hit Grinder.
Grinder is severely wounded.
You bite Grinder!
Grinder is almost dead.
Grinder blinks!
You feel a strong urge to attack something.
Grinder gestures at you.
You suddenly lose the ability to move!
Grinder gestures at you. Pain shoots through your body!
* * * LOW HITPOINT WARNING * * *
Grinder zaps a wand.
Grinder says, "At least Makhleb appreciates what I'm doing."
Grinder gestures at you. Pain shoots through your body!
You die...

### #<# #.# #.#
########### #.#
####.(........ #.#
#............. #.#
#.............
####.#####.............
#..........b.5.........
#############..........
#.......... ##)######..
#.# #.# #.# #.# #..


You could see Grinder.

Vanquished Creatures
  Terence (D:2)
  3 adders (D:2)
  3 gnolls (D:2)
  A worm (D:2)
  3 dart slugs (D:1)
  A leopard gecko (D:1)
  An orc (D:3)
  3 giant cockroaches
  7 goblins
  5 hobgoblins
  3 jackals (D:2)
  2 quokkas (D:2)
  4 bats (D:1)
  3 frilled lizards
  6 kobolds
  4 rats
50 creatures vanquished.

Notes
Turn   | Place    | Note
-------+----------+-------------------------------------------
     0 | D:1      | nikopol the Gargoyle Berserker began the quest for the Orb.
     0 | D:1      | Reached XP level 1. HP: 14/14 MP: 1/1
   179 | D:1      | Reached XP level 2. HP: 16/19 MP: 2/2
   602 | D:1      | Reached XP level 3. HP: 22/23 MP: 3/3
   850 | D:2      | Reached ** piety under Trog
  1283 | D:2      | Reached XP level 4. HP: 17/29 MP: 4/4
  1548 | D:2      | Noticed Terence
  1560 | D:2      | Killed Terence
  1653 | D:2      | Reached skill level 4 in Fighting
  1653 | D:2      | Reached XP level 5. HP: 30/33 MP: 5/5
  1961 | D:3      | Noticed Grinder
  1994 | D:3      | Paralysed by Grinder for 7 turns
  2001 | D:3      | Killed from afar by Grinder

Vault maps used:
D:1:      lemuel_arrival_rhombus
D:2:      uniq_terence
D:3:      uniq_grinder

Skill      XL: |  1  2  3  4 |
---------------+-------------+-----
Axes           | 3 |  3.5
Dodging        | 2 |  2.5
Armour         | 3 |  3.3
Fighting       | 4 |  4.1

Action                   |  1- 3 |  4- 6 || total
-------------------------+-------+-------++-------
Melee: Hand axe          |   114 |   104 ||   218
       Unarmed           |       |     4 ||     4
Invok: Berserk           |       |     3 ||     3
  Eat: Chunk             |     1 |     2 ||     3
       Royal jelly       |       |     1 ||     1
Armor: Scale mail        |    58 |    53 ||   111
Dodge: Dodged            |    69 |    75 ||   144
